 Dungeon Crawl Stone Soup version 0.30-a0-591-g3c58d2bc28 (webtiles) character file.

Game seed: 14875037610387335846

196 bmack86 the Trooper (level 5, -5/48 HPs)
             Began as a Minotaur Fighter on Jan 6, 2023.
             Killed from afar by Ijyb (16 damage)
             ... with a bolt of dispelling energy
             ... on level 3 of the Dungeon.
             The game lasted 00:06:46 (1771 turns).

bmack86 the Trooper (Minotaur Fighter)              Turns: 1771, Time: 00:06:47

Health: -5/48      AC: 12    Str: 22    XL:     5   Next: 45%
Magic:  4/4        EV:  6    Int:  5    God:
Gold:   140        SH:  4    Dex: 10    Spells: 4/4 levels left

rFire   . . .      SeeInvis .    a - +1 war axe
rCold   . . .      Faith    .    c - +0 buckler
rNeg    . . .      Spirit   .    j - +0 plate armour
rPois   .          Reflect  .    (helmet restricted)
rElec   .          Harm     .    (no cloak)
rCorr   .          Rampage  .    (no gloves)
Will    .....                    (no boots) Stlth
                                 (no amulet)
HPRegen 0.28/turn                (no ring)
MPRegen 0.09/turn                (no ring)

@: no status effects
A: horns 2, retaliatory headbutt
a: no special abilities


You were on level 3 of the Dungeon.
You visited 1 branch of the dungeon, and saw 3 of its levels.
You also visited: Sewer.

You collected 140 gold pieces.

Inventory:

Hand Weapons
 a - a +1 war axe (weapon)
Missiles
 o - 6 poisoned darts (quivered)
Armour
 c - a +0 buckler (worn)
 j - a +0 plate armour (worn)
Wands
 n - a wand of polymorph (8)
Scrolls
 f - a scroll of fog
 g - a scroll of noise {unknown}
 i - 3 scrolls of identify
 k - a scroll of torment {unknown}
 l - a scroll of poison
 m - a scroll of enchant weapon
 q - a scroll of silence {unknown}
 r - a scroll of teleportation {unknown}
Potions
 b - a potion of heal wounds {unknown}
 d - a potion of might
 e - a potion of brilliance
 h - 3 potions of curing
 p - 2 potions of flight {unknown}


   Skills:
 * Level 5.1 Fighting
 * Level 4.3 Axes
 + Level 0.4 Throwing
 + Level 4.5 Armour
 + Level 4.6 Shields


You had 4 spell levels left.
You didn't know any spells.
Your spell library was empty.

Dungeon Overview and Level Annotations

Branches:
Dungeon (3/15)              Sewer (visited)

Altars:

Annotations:
D:3 Grinder, Ijyb


Innate Abilities, Weirdness & Mutations

You have a pair of horns on your head.
You reflexively headbutt those who attack you in melee.


Message History

The endoplasm hits you but does no damage.
Grinder hits you.
The endoplasm hits you but does no damage.
Grinder blinks!
The endoplasm hits you but does no damage.
Ijyb zaps a wand.
The bolt of dispelling energy hits you.
Your magical effects are unravelling.
The endoplasm hits you but does no damage.
You can move again.
Unknown command.
Grinder blinks!
Ijyb zaps a wand.
The bolt of dispelling energy hits you.
* * * LOW HITPOINT WARNING * * *
The endoplasm freezes you.
You are frozen.
* * * LOW HITPOINT WARNING * * *
You barely miss the endoplasm. Your headbutt misses the endoplasm.
The endoplasm is moderately wounded.
The endoplasm freezes you.
You are frozen.
* * * LOW HITPOINT WARNING * * *
The endoplasm hits you.
* * * LOW HITPOINT WARNING * * *
You slash the endoplasm!
You kill the endoplasm!
It was a potion of curing.
You feel better.
It was a potion of brilliance.
You feel clever all of a sudden.
Ijyb zaps a wand.
The bolt of dispelling energy hits you.
Your magical effects are unravelling.
* * * LOW HITPOINT WARNING * * *
You slash the rat!
You kill the rat!
You feel a little less clever now.
You closely miss Ijyb. You headbutt Ijyb, but do no damage.
Ijyb hits you with a +0 club.
* * * LOW HITPOINT WARNING * * *
You slash Ijyb!
Ijyb is heavily wounded.
Ijyb zaps a wand.
The bolt of dispelling energy hits you!
You die...

...! #g..
§§ ####g.
§≈§
#....#
§..
#.#g.# ..
#.#..#
#.#.#..#
#..5g@.#
###.##.#
#.##.#
Jg##.#
...##.#
....##.#
#...[##.#
#....##.#
#.#


You could see Grinder, Ijyb and 3 gnolls.

Vanquished Creatures
  Robin (D:3)
  4 gnolls (D:2)
  3 river rats
  4 adders
  A worm (D:2)
  2 dart slugs
  6 ball pythons
  6 bats
  4 endoplasms
  6 giant cockroaches
  13 goblins
  6 hobgoblins
  3 jackals (D:2)
  3 kobolds
  3 quokkas
  9 frilled lizards
  7 rats
81 creatures vanquished.

Notes
Turn   | Place    | Note
-------+----------+-------------------------------------------
     0 | D:1      | bmack86 the Minotaur Fighter began the quest for the Orb.
     0 | D:1      | Reached XP level 1. HP: 19/19 MP: 0/0
   154 | D:1      | Reached XP level 2. HP: 22/27 MP: 1/1
   325 | D:1      | Reached skill level 4 in Fighting
   606 | D:2      | Reached XP level 3. HP: 24/33 MP: 2/2
  1088 | D:2      | Reached XP level 4. HP: 41/41 MP: 3/3
  1253 | D:3      | Noticed Robin
  1262 | D:3      | Killed Robin
  1312 | D:3      | Reached XP level 5. HP: 34/47 MP: 4/4
  1346 | D:3      | Found a glowing drain.
  1352 | Sewer    | Entered a sewer
  1428 | Sewer    | Reached skill level 5 in Fighting
  1747 | D:3      | Noticed Grinder
  1748 | D:3      | Noticed Ijyb
  1758 | D:3      | Paralysed by Grinder for 4 turns
  1771 | D:3      | Killed from afar by Ijyb

Illustrated notes

Levels and vault maps discovered:
D:1:      saegor_arrival_simple_b, layout_rooms
D:2:      layout_loops_ring, minmay_distorted
D:3:      layout_basic, mainiacjoe_overflow_concentric_impassable,
          gup_sewer_entry_spiral, uniq_grinder, uniq_ijyb, uniq_robin

Skill      XL: |  1  2  3  4  5 |
---------------+----------------+-----
Fighting       | 4 5 |  5.1
Axes           | 3 4 |  4.3
Shields        | 4 |  4.6
Armour         | 4 |  4.5
Throwing       | |  0.4

Action                   |  1- 3 |  4- 6 || total
-------------------------+-------+-------++-------
Melee: War axe           |    62 |    72 ||   134
       Headbutt          |    13 |    12 ||    25
  Use: Scroll            |       |     3 ||     3
       Potion            |       |     2 ||     2
Armor: Scale mail        |     9 |       ||     9
       Plate armour      |    29 |    55 ||    84
Dodge: Dodged            |    28 |    22 ||    50
Block: Buckler           |    12 |    15 ||    27

Table legend: (Time is in decaauts)
 A = Elapsed time spent in this place.
 B = Non-inter-level travel time spent in this place.
 C = Inter-level travel time spent in this place.
 D = Time resting spent in this place.
 E = Time spent auto-exploring this place.
 F = Levels seen in this place.
 G = Mean time per level.
                   A        B        C        D        E       F      G
               +--------+--------+--------+--------+--------+-----+--------+
         Total |   1925 |   1901 |     24 |      0 |   1032 |   4 |  481.2 |
       Dungeon |   1534 |   1510 |     24 |      0 |    992 |   3 |  511.3 |
         Sewer |    391 |    391 |      0 |      0 |     40 |   1 |  391.0 |
               +--------+--------+--------+--------+--------+-----+--------+

Top non-repeatable levels by time:
     D:2: 777 daAuts
     D:1: 495 daAuts
   Sewer: 391 daAuts
     D:3: 261 daAuts
